 Dungeon Crawl Stone Soup version 0.29-a0-830-gcb1280458a (webtiles) character file.

Game seed: 3190155709217801108

5801 nxtlvl the Cleaver (level 10, -11/98 HPs)
             Began as a Naga Gladiator on July 12, 2022.
             Was a Priest of Cheibriados.
             Mangled by a komodo dragon (17 damage)
             ... on level 11 of the Dungeon.
             The game lasted 00:57:10 (4581 turns).

nxtlvl the Cleaver (Naga Gladiator)                 Turns: 4581, Time: 00:57:11

Health: -11/98     AC: 13    Str: 31    XL:     10   Next: 79%
Magic:  0/12       EV: 10    Int: 14    God:    Cheibriados [***...]
Gold:   322        SH:  5    Dex: 28    Spells: 9/9 levels left

rFire   . . .      SeeInvis +   a - +0 war axe (flame)
rCold   . . .      Faith    .   l - +0 buckler
rNeg    + . .      Spirit   +   v - +2 scale mail {rPois}
rPois   +          Reflect  .   c - +0 helmet
rElec   .          Harm     .   (no cloak)
rCorr   .          Rampage  .   (no gloves)
Will    +....                   B - +0 barding
Stlth   +.........              s - amulet of guardian spirit
HPRegen 0.26/turn               o - +6 ring of dexterity
MPRegen 0.13/turn               C - ring of positive energy

@: very slow
A: AC +3, large, see invisible, deformed body, poison resistance, slowness 2,
spit poison 1, naga tail 1, fangs 1, agile 1, strong 1
a: Spit Poison, Renounce Religion, Bend Time, Temporal Distortion


You were on level 11 of the Dungeon.
You worshipped Cheibriados.
Cheibriados was most pleased with you.
You visited 2 branches of the dungeon, and saw 12 of its levels.

You collected 448 gold pieces.
You spent 126 gold pieces at shops.

Inventory:

Hand Weapons
 a - a +0 war axe of flaming (weapon)
 b - a +0 trident of flaming
 w - a +0 shortbow
 W - the +4 dagger "Morg" {pain, Will+ Int+5}
   (You found it on level 2 of the Dungeon)

   In the hands of one skilled in necromantic magic, it inflicts extra damage on
   living creatures.
   Int:       It affects your intelligence (+5).
   Will:      It increases your willpower.
Missiles
 i - a silver boomerang
 n - a throwing net
 q - a curare-tipped dart
 u - 20 poisoned darts (quivered)
 J - a javelin
Armour
 c - a +0 helmet (worn)
 l - a +0 buckler (worn)
 r - a +0 ring mail
 v - a +2 scale mail of poison resistance (worn)
 B - a +0 barding (worn)
 H - a +0 chain mail
Jewellery
 o - a +6 ring of dexterity (left hand)
 s - an amulet of guardian spirit (around neck)
 A - an amulet of magic regeneration
 C - a ring of positive energy (right hand)
Wands
 j - a wand of digging (5)
 D - a wand of charming (8)
Scrolls
 d - a scroll of vulnerability
 e - a scroll of enchant weapon {unknown}
 f - a scroll of fog
 g - a scroll of brand weapon
 k - 2 scrolls of noise {unknown}
 m - 2 scrolls of poison {unknown}
 t - 2 scrolls of amnesia
 y - a scroll of magic mapping {unknown}
Potions
 h - 2 potions of cancellation
 p - a potion of invisibility
 x - 4 potions of attraction {unknown}
 E - a potion of curing
 F - a potion of heal wounds
 I - 2 potions of flight


   Skills:
 + Level 8.7 Fighting
 * Level 12.2 Axes
 - Level 1.7 Throwing
 + Level 4.8 Dodging
 + Level 3.9 Invocations


You had 9 spell levels left.
You didn't know any spells.
Your spell library contained the following spells:

 Spells                   Type           Power      Damage    Failure   Level
 Frozen Ramparts          Ice            0%         1d2       93%         3
 Ice Form                 Ice/Tmut       0%         N/A       100%        4
 Leda's Liquefaction      Hex/Erth       0%         N/A       100%        4
 Summon Ice Beast         Ice/Summ       0%         N/A       100%        4
 Lee's Rapid Deconstruct  Erth           0%         3d5*      100%        5
 Statue Form              Tmut/Erth      0%         N/A       100%        6


Dungeon Overview and Level Annotations

Branches:
Dungeon (11/15)            Temple (1/1) D:5
   Lair: D:8-11         Orc: D:9-12

Altars:
Cheibriados
Dithmenos
Elyvilon
Fedhas
Hepliaklqana
Nemelex Xobeh
Ru
Sif Muna
Xom
Yredelemnul
Zin

Shops:
D:8 !

Annotations:
D:8 exclusion: downstairs


Innate Abilities, Weirdness & Mutations

Your serpentine skin is tough. (AC +3)
You have supernaturally acute eyesight. (SInv)
Armour fits poorly on your strangely shaped body.
Your system is resistant to poisons. (rPois)
You cover ground very slowly.
You can spit poison.
You have a snake-like lower body.
You have very sharp teeth.
You are agile. (Dex +4, Str/Int -1)
Your muscles are strong. (Str +4, Int/Dex -1)


Message History

The komodo dragon is lightly wounded.
The komodo dragon bites you!!
You hear a roar!
You closely miss the komodo dragon. You bite the komodo dragon.
The komodo dragon is lightly wounded.
A six-headed hydra comes into view.
The komodo dragon bites you!
You hit the komodo dragon but do no damage.
The komodo dragon is moderately wounded.
The komodo dragon bites you!
You slash the komodo dragon!
The komodo dragon is heavily wounded.
The komodo dragon bites you!!
* * * LOW HITPOINT WARNING * * *
You hit the komodo dragon but do no damage.
The komodo dragon is heavily wounded.
You have got your breath back.
You slash the komodo dragon!
The komodo dragon is severely wounded.
The komodo dragon bites you!
* * * LOW HITPOINT WARNING * * *
Unknown command.
Okay, then.
Okay, then.
As you read the scroll labelled TOIJO CYIM, it crumbles to dust.
It is a scroll of amnesia.
You feel forgetful for a moment. The komodo dragon bites you!
* * * LOW HITPOINT WARNING * * *
A manticore comes into view.
Unknown command.
As you read the scroll labelled NUMALO IBINOUSILI, it crumbles to dust.
The scroll dissolves into smoke.
It was a scroll of fog.
The komodo dragon bites you.
* * * LOW HITPOINT WARNING * * *
As you read the scroll labelled ZACOYDI ITHRIARPH, it crumbles to dust.
It is a scroll of brand weapon.
Your +0 war axe is engulfed in flames!
a - a +0 war axe of flaming (weapon)
The komodo dragon looks more healthy.
The komodo dragon bites you!!
You die...

##.#......# #.'......#
###......# #......#
####.### # ####..#####
##.# #.........# .....
###.........####§.....
#.'.........#§@lD.....
###.#.........#§##H.....
....#..)......#§# .....
#####.........#.# ....
#.........#.# ...
#.........'.# ##
#.........###
###########


You could see a six-headed hydra, a manticore and a komodo dragon.

Vanquished Creatures
  2 two-headed ogres
  Pikel (D:6)
  A manticore (D:11)
  A komodo dragon (D:10)
  A slime creature (D:8)
  4 yaks
  Menkaure (D:7)
  A water moccasin (D:6)
  2 ice beasts
  2 sky beasts (D:6)
  3 ogres (D:6)
  A centaur (D:8)
  A lemure (D:5)
  3 phantoms
  2 kobold brigands (D:7)
  3 bullfrogs
  A necrophage (D:5)
  A gnoll sergeant (D:6)
  A scorpion (D:5)
  9 killer bees (D:9)
  4 howler monkeys
  A hound (D:4)
  2 jellies
  3 orc priests
  6 iguanas
  3 orc wizards
  5 gnolls
  8 adders
  A shadow imp (D:6)
  An ufetubus (D:5)
  A worm (D:2)
  2 dart slugs
  24 orcs
  4 ball pythons
  4 endoplasms
  4 giant cockroaches
  8 goblins
  3 hobgoblins
  4 quokkas
  5 bats
  2 frilled lizards
  12 kobolds
  3 rats
151 creatures vanquished.

Notes
Turn   | Place    | Note
-------+----------+-------------------------------------------
     0 | D:1      | nxtlvl the Naga Gladiator began the quest for the Orb.
     0 | D:1      | Reached XP level 1. HP: 19/19 MP: 1/1
   150 | D:1      | Reached XP level 2. HP: 26/26 MP: 2/2
   289 | D:2      | Reached XP level 3. HP: 20/33 MP: 3/3
   616 | D:3      | Reached skill level 4 in Axes
   753 | D:2      | Reached XP level 4. HP: 24/40 MP: 2/4
   841 | D:2      | Found the +4 dagger "Morg" {pain, Will+ Int+5}
  1047 | D:2      | Found a faded altar of an unknown god.
  1348 | D:4      | Reached XP level 5. HP: 27/49 MP: 2/5
  1406 | D:4      | Reached skill level 5 in Axes
  1485 | D:5      | Entered Level 5 of the Dungeon
  1486 | D:5      | Found a staircase to the Ecumenical Temple.
  1495 | Temple   | Entered the Ecumenical Temple
  1500 | Temple   | Became a worshipper of Cheibriados the Contemplative
  1540 | D:5      | Reached XP level 6. HP: 40/56 MP: 4/6
  1559 | D:5      | Noticed an ice beast
  1580 | D:5      | Killed an ice beast
  1581 | D:5      | Reached skill level 6 in Axes
  1700 | D:5      | Noticed an ice beast
  1743 | D:5      | Reached XP level 7. HP: 56/66 MP: 7/7
  1851 | D:6      | Reached skill level 7 in Axes
  1856 | D:6      | Reached skill level 5 in Fighting
  1893 | D:5      | Found a sacrificial altar of Ru.
  1901 | D:5      | Reached * piety under Cheibriados
  1941 | D:5      | Noticed a wyvern
  2095 | D:5      | Reached XP level 8. HP: 64/74 MP: 8/8
  2300 | D:5      | Gained mutation: You can exhale a cloud of poison. [potion
                  | of mutation]
  2300 | D:5      | Gained mutation: Your body sometimes deteriorates upon
                  | taking damage. [potion of mutation]
  2300 | D:5      | Gained mutation: Your muscles are strong. (Str +4, Int/Dex
                  | -1) [potion of mutation]
  2301 | D:5      | Lost mutation: You can exhale a cloud of poison. [potion of
                  | mutation]
  2301 | D:5      | Lost mutation: Your body sometimes deteriorates upon taking
                  | damage. [potion of mutation]
  2301 | D:5      | Gained mutation: You have very sharp teeth. [potion of
                  | mutation]
  2301 | D:5      | Gained mutation: You are agile. (Dex +4, Str/Int -1)
                  | [potion of mutation]
  2410 | D:6      | Reached skill level 8 in Axes
  2801 | D:6      | Noticed Pikel
  2816 | D:6      | Killed Pikel
  2817 | D:6      | Reached skill level 9 in Axes
  2817 | D:6      | Reached XP level 9. HP: 69/85 MP: 5/9
  2911 | D:6      | Reached skill level 10 in Axes
  2963 | D:6      | Reached ** piety under Cheibriados
  3086 | D:6      | Found a white marble altar of Elyvilon.
  3458 | D:8      | Found a blossoming altar of Fedhas.
  3576 | D:8      | Found Ukiexam's Distillery.
  3585 | D:8      | Bought a potion of heal wounds for 70 gold pieces
  3585 | D:8      | Bought a potion of might for 56 gold pieces
  3840 | D:7      | Found a shimmering altar of Xom.
  3874 | D:7      | Noticed Menkaure
  3876 | D:7      | Killed Menkaure
  4001 | D:9      | Reached skill level 11 in Axes
  4018 | D:9      | Reached *** piety under Cheibriados
  4137 | D:9      | Noticed a two-headed ogre
  4145 | D:9      | Killed a two-headed ogre
  4146 | D:9      | Reached skill level 1 in Invocations
  4146 | D:9      | Reached XP level 10. HP: 52/96 MP: 4/11
  4150 | D:9      | Found a basalt altar of Yredelemnul.
  4150 | D:9      | Found a sparkling altar of Nemelex Xobeh.
  4360 | D:10     | Entered Level 10 of the Dungeon
  4370 | D:10     | Noticed Snorg
  4376 | D:10     | Noticed Snorg
  4376 | D:10     | Snorg changed into Snorg the yak
  4380 | D:10     | Killed Snorg the yak
  4427 | D:10     | Noticed a two-headed ogre
  4435 | D:10     | Killed a two-headed ogre
  4436 | D:10     | Reached skill level 12 in Axes
  4451 | D:10     | Noticed a centaur warrior
  4514 | D:11     | Noticed a manticore
  4524 | D:11     | Killed a manticore
  4574 | D:11     | Noticed a six-headed hydra
  4579 | D:11     | Noticed a manticore
  4581 | D:11     | Mangled by a komodo dragon

Illustrated notes

Levels and vault maps discovered:
D:1:      heliophobic_arrival_ceremonial_halls, layout_loops_cross,
          nrook_campfire
D:2:      minmay_inner_zag, layout_loops_ring, chequers_ecumenical_altar_twisty
D:3:      layout_basic, st_stairs_5
D:4:      layout_rooms
D:5:      layout_cave_pods, nicolae_ru_awakened_eye,
          minmay_temple_entry_steel_oval
D:6:      layout_basic, mainiacjoe_overflow_alcove_1, hex_medium,
          minmay_stone_trees_small, uniq_pikel
D:7:      layout_loops_corners, lemuel_tele_altar,
          nicolae_qazlal_style_of_elements, uniq_menkaure
D:8:      layout_cave_pools, lemuel_crystal_altar, serial_shops,
          nicolae_lakefront_shop
D:9:      layout_loops_ring, kennysheep_mini, gammafunk_temple_overflow_statue,
          erik_lair_dragon
D:10:     layout_rooms, mainiacjoe_overflow_chevrons, uniq_snorg
D:11:     layout_roguey, erik_orc_1, uniq_sonja
Temple:   nicolae_temple_bog_church

Skill      XL: |  1  2  3  4  5  6  7  8  9 10 |
---------------+-------------------------------+-----
Axes           | 4 5 6 7 9 11 12 | 12.2
Fighting       | 3 4 5 6 8 |  8.7
Dodging        | 4 |  4.8
Invocations    | 1 3 |  3.9
Throwing       | |  1.7

Action                   |  1- 3 |  4- 6 |  7- 9 | 10-12 || total
-------------------------+-------+-------+-------+-------++-------
Melee: War axe           |    53 |    45 |   211 |    77 ||   386
       Punch             |       |       |     3 |       ||     3
       Bite              |       |       |    24 |    14 ||    38
       Trident           |       |       |    17 |     2 ||    19
Throw: Boomerang         |       |       |     4 |       ||     4
       Throwing net      |       |       |     5 |       ||     5
       Javelin           |       |       |     1 |       ||     1
       Dart              |       |       |       |     1 ||     1
Invok: Bend Time         |       |       |       |     1 ||     1
       Temporal Distorti |       |       |       |     1 ||     1
 Abil: Spit Poison       |    22 |    22 |    43 |     5 ||    92
Evoke: Wand              |       |    15 |     5 |    10 ||    30
  Use: Scroll            |       |     4 |     5 |     3 ||    12
       Potion            |       |     7 |    11 |     2 ||    20
 Stab: Invisible         |       |       |     5 |       ||     5
       Held in net/web   |       |       |     1 |       ||     1
Armor: Leather armour    |     4 |       |       |       ||     4
       Ring mail         |    10 |    18 |    34 |       ||    62
       Skin              |       |     5 |       |       ||     5
       Chain mail        |       |       |    54 |     6 ||    60
       Scale mail        |       |       |    16 |    24 ||    40
Dodge: Dodged            |    31 |    20 |    90 |    32 ||   173
Block: Buckler           |       |       |    21 |    17 ||    38

Table legend: (Time is in decaauts)
 A = Elapsed time spent in this place.
 B = Non-inter-level travel time spent in this place.
 C = Inter-level travel time spent in this place.
 D = Time resting spent in this place.
 E = Time spent auto-exploring this place.
 F = Levels seen in this place.
 G = Mean time per level.
                   A        B        C        D        E       F      G
               +--------+--------+--------+--------+--------+-----+--------+
         Total |   7451 |   7033 |    418 |      0 |      0 |  12 |  620.9 |
       Dungeon |   7436 |   7018 |    418 |      0 |      0 |  11 |  676.0 |
        Temple |     14 |     14 |      0 |      0 |      0 |   1 |   14.0 |
               +--------+--------+--------+--------+--------+-----+--------+

Top non-repeatable levels by time:
     D:6: 1470 daAuts
     D:5: 1291 daAuts
     D:7: 861 daAuts
     D:8: 712 daAuts
     D:9: 698 daAuts
     D:2: 634 daAuts
     D:4: 541 daAuts
     D:3: 471 daAuts
     D:1: 364 daAuts
    D:11: 233 daAuts
    D:10: 157 daAuts
  Temple: 14 daAuts
